 Dungeon Crawl Stone Soup version 0.27-a0-1296-g8ece459b43 (console) character file.

Game seed: 10681438878350987408

63 Hector the Cutter (level 3, -3/19 HPs)
             Began as a Spriggan Abyssal Knight on June 16, 2021.
             Was a Believer of Lugonu.
             Slain by Natasha (6 damage)
             ... on level 1 of the Dungeon.
             The game lasted 00:06:34 (2597 turns).

Hector the Cutter (Spriggan Abyssal Knight)         Turns: 2597, Time: 00:06:35

Health: -3/19      AC:  2    Str:  8    XL:     3   Next: 87%
Magic:  7/7        EV: 17    Int: 14    God:    Lugonu [**....]
Gold:   92         SH:  0    Dex: 14    Spells: 6/6 levels left

rFire    . . .     SeeInvis +   a - +1 short sword
rCold    . . .     Faith    .   (shield restricted)
rNeg     . . .     Spirit   .   b - +0 robe
rPois    .         Reflect  .   (helmet restricted)
rElec    .         Harm     .   (no cloak)
rCorr    .         Rampage  .   (gloves unavailable)
Will     +....                  (boots unavailable)
Stlth    +.........             (no amulet)
HPRegen  0.06/turn              l - ring of willpower
MPRegen  0.10/turn              (no ring)

@: very quick
A: very small, no large weapons, unfitting armour, see invisible, speed 3
a: Renounce Religion, Depart the Abyss, Bend Space


You were on level 1 of the Dungeon.
You worshipped Lugonu.
Lugonu was pleased with you.
You visited 1 branch of the dungeon, and saw 2 of its levels.
You visited the Abyss 1 time.

You collected 92 gold pieces.

Inventory:

Hand Weapons
 a - a +1 short sword (weapon)
 i - a +0 spear
Missiles
 c - 13 poisoned darts (quivered)
 d - 143 stones
Armour
 b - a +0 robe (worn)
 h - +0 fire dragon scales
 j - a +0 buckler
Jewellery
 l - a ring of willpower (left hand)
Scrolls
 g - a scroll of brand weapon {unknown}
 m - a scroll of magic mapping {unknown}
Potions
 e - a potion of haste {unknown}
 f - 4 potions of curing {unknown}
 k - a potion of brilliance {unknown}
 n - a potion of lignification {unknown}


   Skills:
 - Level 2.4 Fighting
 * Level 4.0 Short Blades
 - Level 3.2 Dodging
 * Level 2.2 Spellcasting
 - Level 1.7 Invocations


You had 6 spell levels left.
You didn't know any spells.
Your spell library contained the following spells:

 Spells                   Type           Power      Damage    Failure   Level
 Animate Skeleton         Necr           2%         N/A       24%         1
 Pain                     Necr           4%         1d4       24%         1
 Vampiric Draining        Necr           0%         2d6       56%         3
 Animate Dead             Necr           0%         N/A       93%         4
 Agony                    Necr           1%         N/A       100%        5


Dungeon Overview and Level Annotations

Branches:
Dungeon (2/15)

Altars:

Annotations:
D:1 Natasha
D:2 Terence


Innate Abilities, Weirdness & Mutations

You are very small and have problems with some larger weapons.
You are too small for most types of armour.
You have supernaturally acute eyesight. (SInv)
You cover ground extremely quickly. (Speed+++)


Message History

You climb upwards.
The crimson imp disappears in a puff of smoke!
The shadow imp disappears in a puff of smoke!
There is a stone staircase leading down, spattered with blood here.
You hit Natasha.
Natasha is lightly wounded.
Natasha completely misses you.
You closely miss Natasha.
Natasha is lightly wounded.
Natasha wildly gestures.
You feel troubled. Natasha barely misses you.
You barely miss Natasha.
Natasha is lightly wounded.
Natasha claws you!
You hit Natasha.
Natasha is moderately wounded.
Natasha closely misses you.
You hit Natasha.
Natasha is heavily wounded.
Natasha closely misses you.
You hit Natasha but do no damage.
Natasha is heavily wounded.
You barely miss Natasha.
Natasha is heavily wounded.
Natasha barely misses you.
You closely miss Natasha.
Natasha is heavily wounded.
Natasha claws you!
* * * LOW HITPOINT WARNING * * *
You hit Natasha.
Natasha is severely wounded.
Natasha misses you.
You hit Natasha.
Natasha is almost dead.
Natasha barely misses you.
You barely miss Natasha.
Natasha is almost dead.
Natasha claws you.
You die...

....#.#.....#.##.##.#.#######.#
⌠...#.........##.##.#.# #.#
...####.#..#####.##.#.#######.#
#######.#...........#..†....#.#
#......#+######.##########.#.#
##.#..................# #.#.#
...'................#.# #.#.#
####........####.#.##.# #.#.#
#........+..h@#.##.#####.#.#
#........######..........#.#
#........# ####.#######.#
#........# #.........#
#........# ###########
####'##### #.# #.# #.#


You could see Natasha.

Vanquished Creatures
  An adder (D:2)
  A worm (D:2)
  A dart slug (D:1)
  3 endoplasms
  2 giant cockroaches (D:1)
  4 goblins
  5 hobgoblins
  6 jackals (D:1)
  5 quokkas
  5 ball pythons
  4 bats (D:1)
  A frilled lizard (D:1)
  3 kobolds
  A rat (D:1)
42 creatures vanquished.

Notes
Turn   | Place    | Note
-------+----------+-------------------------------------------
     0 | Abyss:1  | Hector the Spriggan Abyssal Knight began the quest for the
                  | Orb.
     0 | Abyss:1  | Reached XP level 1. HP: 11/11 MP: 3/3
     7 | Abyss:1  | Noticed a crimson imp
     7 | Abyss:1  | Noticed a crimson imp
    22 | D:1      | Escaped the Abyss
   249 | D:1      | Reached skill level 1 in Spellcasting
   301 | D:1      | Reached XP level 2. HP: 13/16 MP: 4/4
   587 | D:1      | Reached skill level 3 in Short Blades
   716 | D:1      | Found a faded altar of an unknown god.
   927 | D:1      | Reached XP level 3. HP: 17/19 MP: 5/7
  1275 | D:1      | Reached ** piety under Lugonu
  1851 | D:2      | Noticed Terence
  2458 | D:2      | Reached skill level 4 in Short Blades
  2554 | D:2      | Noticed Natasha
  2597 | D:1      | Slain by Natasha

Illustrated notes

Levels and vault maps discovered:
D:1:      giann_wishing_wells, layout_basic, ebering_ecumenical_altar_abandoned
D:2:      layout_rooms, minmay_increasing_density, uniq_terence, uniq_natasha

Skill      XL: |  1  2  3 |
---------------+----------+-----
Spellcasting   | 1 2 |  2.2
Short Blades   | 3 4 |  4.0
Fighting       | |  2.4
Dodging        | |  3.2
Invocations    | |  1.7

Action                   || total
-------------------------++-------
Melee: Short sword       ||   179
Throw: Dart              ||    12
 Stab: Sleeping          ||     2
Armor: Robe              ||    18
Dodge: Dodged            ||   133

Table legend: (Time is in decaauts)
 A = Elapsed time spent in this place.
 B = Non-inter-level travel time spent in this place.
 C = Inter-level travel time spent in this place.
 D = Time resting spent in this place.
 E = Time spent auto-exploring this place.
 F = Levels seen in this place.
 G = Mean time per level.
                   A        B        C        D        E       F      G
               +--------+--------+--------+--------+--------+-----+--------+
         Total |   2083 |   2007 |     76 |    682 |    883 |   3 |  694.3 |
       Dungeon |   2070 |   1994 |     76 |    682 |    878 |   2 | 1035.0 |
         Abyss |     13 |     13 |      0 |      0 |      4 |   1 |   13.0 |
               +--------+--------+--------+--------+--------+-----+--------+

Top non-repeatable levels by time:
     D:1: 1538 daAuts
     D:2: 531 daAuts
 Abyss:1: 13 daAuts
